 Dungeon Crawl Stone Soup version 0.18.1-5-g4a78601 (webtiles) character file.

4173 firewing11 the Cleaver (level 10, -11/96 HPs)
             Began as a Minotaur Berserker on May 11, 2016.
             Was a High Priest of Trog.
             Mangled by a wyvern (18 damage)
             ... on level 8 of the Dungeon on May 13, 2016.
             The game lasted 00:40:32 (6664 turns).

firewing11 the Cleaver (Minotaur Berserker)         Turns: 6664, Time: 00:40:33

Health: -11/96     AC:  9    Str: 26    XL:     10   Next: 7%
Magic:  8/8        EV:  9    Int:  4    God:    Trog [*****.]
Gold:   306        SH:  7    Dex:  9    Spells: 0 memorised, 9 levels left

rFire  . . .     SeeInvis +     a - +1 hand axe
rCold  . . .     Gourm    .     J - +0 plate armour
rNeg   . . .     Faith    .     C - +2 buckler
rPois  .         Spirit   .     (helmet restricted)
rElec  .         Dismiss  .     (no cloak)
rCorr  .         Reflect  .     (no gloves)
SustAt +         Harm     +     s - +0 pair of boots
MR     .....                    m - amulet of harm
Stlth  ..........               y - ring of sustain attributes
                                o - ring of flight

@: exhausted, slowed, very slow, not resistant to hostile enchantments,
extremely unstealthy
A: retaliatory headbutt, horns 2, see invisible, deformed body, low mp 1, robust
1
a: Berserk, Trog's Hand, Brothers in Arms, Burn Spellbooks, Renounce Religion,
Evoke Flight


You were on level 8 of the Dungeon.
You worshipped Trog.
Trog was extremely pleased with you.
You were not hungry.

You visited 2 branches of the dungeon, and saw 9 of its levels.

You collected 306 gold pieces.

Inventory:

Hand Weapons
 a - a +1 hand axe (weapon)
 p - a +2 dagger of protection
 r - a +1 spear of flaming
 w - a cursed -3 trident
Missiles
 c - 16 poisoned needles
 h - 16 tomahawks of dispersal
 k - 3 needles of sleeping
 n - 14 javelins (quivered)
 v - 2 throwing nets
Armour
 b - a +0 animal skin
 f - a +0 ring mail
 g - a +0 chain mail
 i - a cursed +0 leather armour
 s - a +0 pair of boots (worn)
 C - a +2 buckler (worn)
 J - a +0 plate armour (worn)
Jewellery
 m - an amulet of harm (around neck)
 o - a ring of flight (left hand)
 y - a ring of sustain attributes (right hand)
 z - a +3 amulet of reflection {unknown}
 E - a +5 ring of intelligence
Wands
 u - a wand of polymorph (17/24)
 F - a wand of disintegration (17/24)
Scrolls
 j - 7 scrolls of teleportation
 t - 3 scrolls of identify
 x - a scroll of magic mapping
 A - a scroll of recharging
 K - a scroll of remove curse
 L - a scroll of acquirement {unknown}
Potions
 d - a potion of degeneration
 e - 3 potions of might
 B - a potion of cure mutation {unknown}
 I - a potion of agility
Comestibles
 l - 6 fruits
 q - 2 royal jellies
 D - 2 beef jerkies
 G - 7 slices of pizza
 H - 2 bread rations


   Skills:
 + Level 7.9 Fighting
 + Level 10.6 Axes
 + Level 7.7 Armour
 + Level 6.3 Dodging
 * Level 7.5 Shields


You had 9 spell levels left.
You didn't know any spells.

Dungeon Overview and Level Annotations

Branches:
Dungeon (8/15)             Temple (1/1) D:7
   Lair: D:8-11

Altars:
Dithmenos
Elyvilon
Fedhas
Kikubaaqudgha
Makhleb
Pakellas
Qazlal
Ru
Sif Muna
Vehumet
Xom
Yredelemnul
The Shining One


Innate Abilities, Weirdness & Mutations

You reflexively headbutt those who attack you in melee.
You have a pair of horns on your head.
You have supernaturally acute eyesight.
Armour fits poorly on your strangely shaped body.
Your magical capacity is low (-10% MP).
You are robust (+10% HP).


Message History

The wyvern bites you.
You closely miss the wyvern.
The wyvern is heavily wounded.
The wyvern bites you! x2
* * * LOW HITPOINT WARNING * * *
You hit the wyvern.
The wyvern is severely wounded.
The wyvern bites you but does no damage.
You block the wyvern's attack.
A sky beast comes into view.
You hit the wyvern but do no damage. Your headbutt misses the wyvern.
The wyvern is severely wounded.
You block the wyvern's attack. The wyvern bites you!
* * * LOW HITPOINT WARNING * * *
Your plate armour prevents you from hitting the wyvern.
Your headbutt misses the wyvern.
The wyvern is severely wounded.
The wyvern bites you but does no damage.
The wyvern bites you!
You die...

#...........
#.................... .
#.>.................. .
#.................Y.. .
#....................
#....................
##..................#
#####...........l).....#
...............)@).....#
#####..................# ..
#..................# ..
#....))............# #...
#.....)............# #...
#..................# #...
#..................# ##...
#...................# ##....
#....................###.....


You could see a wyvern and a sky beast.

Vanquished Creatures
  Pikel (D:7)
  2 centaur skeletons (D:8)
  A troll (D:8)
  A human (D:7)
  A hungry ghost (D:7)
  The ghost of juanjsm the Sneak, an amateur SpEn of Ashenzari (D:3)
  2 orc warriors
  A sky beast (D:6)
  4 slaves (D:7)
  4 ogres
  2 centaurs
  3 big kobolds (D:7)
  2 giant frogs
  2 scorpions
  5 killer bees (D:7)
  A howler monkey (D:6)
  4 crimson imps
  2 jellies
  2 quasits (D:8)
  An orc priest (D:4)
  3 hounds
  11 orc wizards
  Crazy Yiuf (D:2)
  3 iguanas
  5 worker ants
  4 sheep (D:7)
  A hound skeleton (D:5)
  A worker ant zombie (D:8)
  2 howler monkey zombies
  6 gnolls
  8 adders
  A shadow imp (D:7)
  A worm (D:2)
  4 dart slugs
  5 giant geckos
  25 orcs
  A ball python (D:5)
  5 giant cockroaches
  8 goblins
  5 hobgoblins
  17 jackals
  3 quokkas
  8 bats
  5 giant newts
  16 kobolds
  A quokka skeleton (D:7)
  7 rats
199 creatures vanquished.

Vanquished Creatures (collateral kills)
  A hippogriff (D:7)
1 creature vanquished.

Grand Total: 200 creatures vanquished

Notes
Turn   | Place    | Note
--------------------------------------------------------------
     0 | D:1      | firewing11 the Minotaur Berserker began the quest for the Orb.
     0 | D:1      | Reached XP level 1. HP: 19/19 MP: 0/0
   165 | D:1      | Reached skill level 4 in Axes
   193 | D:1      | Reached XP level 2. HP: 26/27 MP: 1/1
   919 | D:2      | Reached skill level 5 in Axes
   919 | D:2      | Reached XP level 3. HP: 30/33 MP: 2/2
   971 | D:2      | Reached ** piety under Trog
  1495 | D:2      | Noticed Crazy Yiuf
  1502 | D:2      | Killed Crazy Yiuf
  1502 | D:2      | Reached XP level 4. HP: 17/40 MP: 0/3
  1692 | D:3      | Reached skill level 6 in Axes
  1709 | D:3      | Noticed a giant frog
  1715 | D:3      | Killed a giant frog
  1715 | D:3      | Reached XP level 5. HP: 37/46 MP: 4/4
  1761 | D:3      | Noticed juanjsm's ghost (amateur SpEn)
  1796 | D:3      | Killed juanjsm's ghost
  1796 | D:3      | Reached skill level 7 in Axes
  1971 | D:3      | Reached skill level 8 in Axes
  1975 | D:3      | Reached XP level 6. HP: 50/52 MP: 5/5
  2149 | D:3      | Gained mutation: You are robust (+10% HP). [potion of mutation]
  2149 | D:3      | Gained mutation: Armour fits poorly on your strangely shaped body. [potion of mutation]
  2149 | D:3      | Gained mutation: You have supernaturally acute eyesight. [potion of mutation]
  2187 | D:3      | Found a radiant altar of Vehumet.
  2229 | D:3      | Reached *** piety under Trog
  2514 | D:4      | Received a gift from Trog
  2515 | D:4      | Reached XP level 7. HP: 39/64 MP: 6/6
  2887 | D:4      | Reached skill level 9 in Axes
  3007 | D:4      | Found an oddly glowing altar of Pakellas.
  3063 | D:4      | You fall through a shaft!
  3063 | D:5      | Entered Level 5 of the Dungeon
  3365 | D:5      | Reached skill level 5 in Fighting
  3434 | D:5      | Reached **** piety under Trog
  3723 | D:5      | Found a shimmering altar of Xom.
  3786 | D:5      | Reached XP level 8. HP: 60/74 MP: 7/7
  3889 | D:5      | Reached skill level 5 in Armour
  4217 | D:6      | Reached skill level 1 in Shields
  4270 | D:6      | Gained mutation: Your magical capacity is low (-10% MP). [mutagenic meat]
  4527 | D:7      | Reached skill level 5 in Dodging
  4648 | D:7      | Reached XP level 9. HP: 12/85 MP: 7/7
  4659 | D:7      | Reached skill level 10 in Axes
  4661 | D:7      | Reached skill level 5 in Shields
  5122 | D:7      | Reached ***** piety under Trog
  5225 | D:7      | Found a staircase to the Ecumenical Temple.
  5238 | Temple   | Entered the Ecumenical Temple
  5795 | D:7      | Noticed Pikel
  5810 | D:7      | Killed Pikel
  6312 | D:8      | Noticed a troll
  6324 | D:8      | Killed a troll
  6502 | D:8      | Reached XP level 10. HP: 66/96 MP: 8/8
  6664 | D:8      | Mangled by a wyvern

Skill      XL: |  1  2  3  4  5  6  7  8  9 |
---------------+----------------------------+-----
Axes           | 4 5 6 8 9 10 | 10.6
Fighting       | 4 5 6 7 |  7.9
Armour         | 3 4 6 7 |  7.7
Dodging        | 4 5 6 |  6.3
Shields        | 4 7 |  7.5

Action                   |  1- 3 |  4- 6 |  7- 9 | 10-12 || total
-------------------------+-------+-------+-------+-------++-------
Melee: Hand axe          |    78 |    99 |   269 |    30 ||   476
       Headbutt          |    10 |     9 |    38 |     5 ||    62
Throw: Javelin           |       |       |    15 |       ||    15
Invok: Berserk           |       |     3 |     9 |     1 ||    13
       Brothers in Arms  |       |       |     2 |       ||     2
  Use: Scroll            |     3 |     5 |     7 |       ||    15
       Potion            |       |     5 |     5 |       ||    10
  Eat: Bread ration      |       |     1 |     2 |     1 ||     4
       Meat ration       |       |     1 |     1 |       ||     2
       Fruit             |       |     1 |       |       ||     1
       Chunk             |       |       |     6 |       ||     6
Armor: Animal skin       |     5 |       |       |       ||     5
       Ring mail         |    12 |       |       |       ||    12
       Chain mail        |    23 |    52 |   111 |     1 ||   187
       Skin              |       |       |     3 |       ||     3
       Plate armour      |       |       |       |    14 ||    14
Dodge: Dodged            |    61 |    41 |   133 |    18 ||   253
Block: Buckler           |       |       |    50 |    16 ||    66
